 Dungeon Crawl Stone Soup version 0.30.0-5-g1a98f26d00 (webtiles) character file.

Game seed: 16026831017623576852

21696 Jarnaxa the Severer (level 12, -1/113 HPs)
             Began as a Hill Orc Monk on May 11, 2023.
             Was a High Priest of Beogh.
             Slain by an orc knight
             ... wielding a +0 long sword
              (9 damage)
             ... on level 2 of the Orcish Mines.
             The game lasted 00:45:19 (20153 turns).

Jarnaxa the Severer (Hill Orc Monk)                Turns: 20153, Time: 00:45:20

Health: -1/113     AC: 26    Str: 22    XL:     12   Next: 92%
Magic:  17/17      EV: 14    Int: 10    God:    Beogh [*****.]
Gold:   856        SH:  0    Dex: 13    Spells: 11/11 levels left

rFire   . . .        n - +1 battleaxe
rCold   x . .        (shield currently unavailable)
rNeg    . . .        G - +6 plate armour "Rypaxum" {rC- rCorr Str+3}
rPois   .            h - +0 helmet
rElec   .            K - +2 cloak
rCorr   +            H - +0 pair of gloves
SInv    .            p - +2 pair of boots {Fly}
Will    .....        (no amulet) Stlth
                     m - ring of resist corrosion
HPRegen 0.38/turn    B - +5 ring of evasion
MPRegen 0.15/turn

%: no passive effects
@: mighty, corroded, flying
A: walk on water
a: Renounce Religion, Smiting, Recall Orcish Followers, Give Item to Named
Follower


You were on level 2 of the Orcish Mines.
You worshipped Beogh.
Beogh was extremely pleased with you.
You visited 3 branches of the dungeon, and saw 16 of its levels.

You collected 1697 gold pieces.
You spent 841 gold pieces at shops.

Inventory:

Hand Weapons
 n - a +1 battleaxe (weapon)
Missiles
 f - 2 throwing nets (quivered)
Armour
 d - an orb of light
 h - a +0 helmet (worn)
 p - a +2 pair of boots of flying (worn)
 A - a scarf of harm
 C - +0 acid dragon scales
 G - the +6 plate armour "Rypaxum" (worn) {rC- rCorr Str+3}
   (You bought it in a shop on level 8 of the Dungeon)

   Str:       It affects your strength (+3).
   rC:        It makes you vulnerable to cold.
   rCorr:     It protects you from acid and corrosion.
 H - a +0 pair of gloves (worn)
 K - a +2 cloak (worn)
Jewellery
 m - a ring of resist corrosion (left hand)
 B - a +5 ring of evasion (right hand)
Wands
 a - a wand of mindburst (19)
 j - a wand of paralysis (26)
 r - a wand of light (33)
 s - a wand of flame (37)
 L - a wand of iceblast (6)
 N - a wand of digging (2)
Scrolls
 i - a scroll of magic mapping
 k - a scroll of immolation
 v - a scroll of fear
 w - 3 scrolls of teleportation
 y - 2 scrolls of blinking
 D - 2 scrolls of amnesia
 I - 2 scrolls of fog
 J - a scroll of summoning
 O - a scroll of identify
Potions
 b - 7 potions of curing
 c - a potion of ambrosia
 e - 2 potions of flight
 g - 2 potions of resistance
 o - 2 potions of magic
 q - 2 potions of heal wounds
 t - 2 potions of might
 u - a potion of invisibility
 x - a potion of mutation
 z - 3 potions of haste
 E - 2 potions of lignification
 F - a potion of cancellation
 M - 4 potions of attraction


   Skills:
 + Level 12.4 Fighting
 + Level 17.5 Axes
 + Level 10.6 Armour
 + Level 5.6 Dodging
 + Level 4.6 Stealth
 * Level 7.4 Invocations


You had 11 spell levels left.
You didn't know any spells.
Your spell library contained the following spells:

 Spells                   Type           Power      Damage    Failure   Level
 Kiss of Death            Conj/Necr      0%         2d5       99%         1
 Sting                    Tmut/Pois      0%         1d3       99%         1
 Poisonous Vapours        Pois/Air       0%         N/A       100%        2
 Confusing Touch          Hex            0%         N/A       100%        3
 Animate Armour           Summ/Erth      0%         N/A       100%        4
 Dispel Undead            Necr           0%         3d6       100%        4
 Manifold Assault         Tloc           0%         N/A       100%        4
 Olgreb's Toxic Radiance  Pois           0%         N/A       100%        4
 Blade Hands              Tmut           0%         N/A       100%        5
 Dispersal                Tloc           0%         N/A       100%        6
 Iron Shot                Conj/Erth      0%         9d1       100%        6
 Disjunction              Tloc           0%         N/A       100%        8


Dungeon Overview and Level Annotations

Branches:
Dungeon (13/15)            Temple (0/1) D:5            Lair (1/5) D:10
    Orc (2/2) D:10            Elf (0/3) Orc:2
 Vaults: D:13-14

Altars:
Fedhas
Makhleb
Qazlal
Uskayaw
Wu Jian
Beogh

Shops:
D:7 =   D:8 *[[(   Orc:2 *=

Annotations:
D:5 Edmund
D:12 6 transporters
Orc:1 2 runed translucent doors, exclusion: orange crystal statue


Message History

Press: ? - help, Q - select action, (/) - cycle Dir - look around, f - activate
As you read the scroll of summoning, it crumbles to dust.
Wisps of shadow whirl around you...
The orc priest is engulfed in seething chaos.
The orc priest suddenly stops moving!
The orc high priest prays to Beogh.
The orc knight closely misses you.
The orc sorcerer hits your ogre with a +0 dagger!
The orc high priest hits you from afar with a +0 trident.
The neqoxec hits your ogre! The rust devil misses you.
You feel much better. Something hits your ogre!!
Your ogre dies!
Your ogre's corpse dissolves into shadows!
The orc high priest hits you with a +0 halberd!
Your orc wizard casts a spell.
Your orc wizard flickers and vanishes for a moment.
The orc knight hits you from afar with a +0 glaive!!
* * * LOW HITPOINT WARNING * * *
The orc high priest hits you from afar with a +0 trident.
* * * LOW HITPOINT WARNING * * *
The rust devil hits you. The rust devil corrodes you!
Blink to where?
Press: ? - help, Q - select action, (/) - cycle Dir - move target, f - orc knight
Aim: an orc knight, wielding a +0 arbalest, wearing a +0 chain mail and carrying a +0 dire flail of protection (strong, friendly)
Okay, then.
Okay, then.
Read: 2 scrolls of immolation
Press: ? - help, Q - select action, (/) - cycle Dir - look around, f - activate You can't see that place.
As you read the scroll of immolation, it crumbles to dust.
The creatures around you are filled with an inner flame!
The orc high priest hits you but does no damage.
The orc high priest shouts, "You must be punished!"
The orc high priest hits you from afar with a +0 trident!
* * * LOW HITPOINT WARNING * * *
The orc sorcerer casts a spell.
The orc knight closely misses you.
The orc knight hits you with a +0 long sword!
You die...
Beogh appreciates the orc knight's killing of a heretic priest.

............o..o...##
.....###########o###
.....# ######o######
.....# #....ooo....#
.....#
...####o####...
.....# #o# ...#.# #o#
..#..# #Z# ...#.# #@#
#.## #


#oooo4oo# .### #..oooo33.# ...## #...oo4oo44.# .o..# ........o...... ##.##
.##.........##. #...# .##.....##. ..o### ∩. .##.##. .∩ .ooo.# You could see 3
orc knights, a soul eater (summoned, inner flame), 3 orc high priests, an orange
demon (summoned, inner flame), a hellwing (summoned, inner flame), a rust devil
(summoned, inner flame), a neqoxec (summoned, inner flame), 2 orc sorcerers, a
red devil (summoned), 3 orc warriors, 4 orc priests, 3 friendly orc knights, the
friendly Nergalle (inner flame, strong), a friendly spectral orc warrior
(summoned), a friendly orc warrior (inner flame, strong), 2 friendly orc wizards
and a friendly orc (inner flame, strong).

Vanquished Creatures
  2 two-headed ogres
  A centaur warrior (D:13)
  An orc knight (Orc:2)
  An orc sorcerer (Orc:2)
  A manticore (D:13)
  4 cane toads (Lair:1)
  A gargoyle (D:12)
  2 kobold demonologists
  An unseen horror (D:12)
  A komodo dragon (D:12)
  2 trolls
  A hornet (D:6)
  A blink frog (Lair:1)
  A shadow (D:11)
  A vampire (D:12)
  5 yaks
  A wraith (D:13)
  A basilisk (Lair:1)
  A steam dragon (D:8)
  3 wargs (Orc:1)
  3 vampire mosquitoes
  2 acid dragons
  2 water moccasins (D:7)
  5 orc warriors
  An ice beast (D:6)
  A black bear (D:6)
  4 sky beasts
  A wolf (Lair:1)
  6 ogres
  2 centaurs
  2 kobold brigands
  3 bullfrogs
  A scorpion (D:6)
  3 wights (D:9)
  7 killer bees
  7 howler monkeys
  An orc priest (D:3)
  A hound (D:4)
  A jelly (D:4)
  2 iguanas (D:5)
  2 sleepcaps (D:6)
  Terence (D:2)
  5 orc wizards
  4 gnolls (D:6)
  4 adders
  A shadow imp (D:7)
  3 worms (D:2)
  4 dart slugs
  13 orcs
  7 endoplasms
  3 giant cockroaches (D:3)
  8 goblins
  8 hobgoblins
  13 jackals
  10 kobolds
  4 quokkas
  7 ball pythons
  4 bats
  3 frilled lizards
  5 rats
196 creatures vanquished.

Vanquished Creatures (collateral kills)
  A hydra (D:13)
  A boulder beetle (D:13)
  5 skeletal warriors (D:12)
  Lodul (D:13)
  An orc knight (Orc:1)
  2 ugly things (D:13)
  2 manticores (D:11)
  A black mamba (Lair:1)
  3 cane toads (Lair:1)
  3 komodo dragons
  A hornet (D:8)
  9 blink frogs (Lair:1)
  4 slime creatures (D:13)
  A wraith (D:9)
  9 yaks
  A steam dragon (D:9)
  4 vampire mosquitoes
  A basilisk (Lair:1)
  2 wargs (Orc:1)
  An acid dragon (D:8)
  2 water moccasins
  5 orc warriors
  2 ice beasts (D:7)
  9 ogres
  2 wolves (Lair:1)
  3 centaurs (D:13)
  2 bullfrogs
  6 wights (D:9)
  4 killer bees
  An electric eel (D:12)
  3 howler monkeys (D:10)
  4 orc priests
  6 orc wizards
  10 orcs
  A kobold (D:12)
113 creatures vanquished.

Vanquished Creatures (others)
  An orc sorcerer (Orc:2)
  2 orc knights (D:12)
  An orc priest (Orc:1)
  5 orc warriors
  2 orc wizards
  21 orcs
32 creatures vanquished.

Grand Total: 341 creatures vanquished

Notes
Turn   | Place    | Note
-------+----------+-------------------------------------------
     0 | D:1      | Jarnaxa the Hill Orc Monk began the quest for the Orb.
     0 | D:1      | Reached XP level 1. HP: 19/19 MP: 1/1
   102 | D:1      | Reached XP level 2. HP: 21/27 MP: 2/2
   728 | D:2      | Reached XP level 3. HP: 33/33 MP: 3/3
   962 | D:2      | Reached skill level 5 in Axes
  1434 | D:2      | Reached XP level 4. HP: 41/41 MP: 4/4
  1508 | D:2      | Noticed Terence
  1519 | D:2      | Killed Terence
  1520 | D:2      | Reached skill level 9 in Axes
  1520 | D:2      | Reached XP level 5. HP: 4/53 MP: 5/5
  2210 | D:3      | Became a worshipper of Beogh the Brigand
  2210 | D:3      | Reached * piety under Beogh
  2210 | D:3      | Reached ** piety under Beogh
  2229 | D:3      | Reached XP level 6. HP: 13/61 MP: 6/6
  2591 | D:3      | Found a burning altar of Makhleb.
  2597 | D:3      | Found a hide-covered altar of Uskayaw.
  2602 | D:3      | Found a blossoming altar of Fedhas.
  4046 | D:4      | Noticed a sky beast
  4098 | D:4      | Killed a sky beast
  4099 | D:4      | Reached XP level 7. HP: 58/69 MP: 7/7
  4774 | D:5      | Entered Level 5 of the Dungeon
  4981 | D:5      | Found a staircase to the Ecumenical Temple.
  4999 | D:5      | Reached skill level 10 in Axes
  5477 | D:5      | Noticed Edmund
  5510 | D:6      | Reached XP level 8. HP: 40/75 MP: 8/8
  6020 | D:6      | Noticed a hornet
  6026 | D:6      | Paralysed by a hornet for 3 turns
  6028 | D:6      | HP: 2/75 [hornet (9)]
  6032 | D:6      | Killed a hornet
  6927 | D:6      | Reached *** piety under Beogh
  6977 | D:6      | Reached skill level 11 in Axes
  7241 | D:7      | Reached XP level 9. HP: 76/83 MP: 9/9
  7911 | D:7      | Found Tamedaot's One-of-a-Kind Rings.
  8126 | D:8      | Found Kaabru's Assorted Antiques.
  8138 | D:8      | Bought a scroll labelled SATAYT BO YWE for 29 gold pieces
  8363 | D:8      | Reached skill level 12 in Axes
  8367 | D:8      | Reached skill level 5 in Dodging
  9056 | D:8      | Found Aror's Armour Boutique.
  9057 | D:8      | Found Hawk's Weapon Boutique.
  9057 | D:8      | Found Hicupar's Antique Armour Boutique.
  9184 | D:8      | Noticed a hornet
  9191 | D:8      | Killed a hornet
  9888 | D:9      | Reached XP level 10. HP: 91/91 MP: 10/10
 10011 | D:9      | Reached skill level 13 in Axes
 10233 | D:9      | Noticed a two-headed ogre
 10240 | D:9      | Killed a two-headed ogre
 10243 | D:9      | Reached **** piety under Beogh
 10534 | D:9      | Reached skill level 10 in Fighting
 10917 | D:9      | Found an ornate altar of the Wu Jian Council.
 11306 | D:10     | Entered Level 10 of the Dungeon
 11323 | D:10     | Found a staircase to the Orcish Mines.
 11330 | D:10     | Found a roughly hewn altar of Beogh.
 11757 | D:10     | Reached skill level 14 in Axes
 11882 | D:10     | Found a staircase to the Lair.
 12043 | D:10     | Found a stormy altar of Qazlal.
 12670 | Orc:1    | Entered Level 1 of the Orcish Mines
 12670 | Orc:1    | Noticed an orc knight
 12674 | Orc:1    | Reached skill level 1 in Invocations
 12676 | Orc:1    | Killed an orc knight
 12677 | Orc:1    | Reached XP level 11. HP: 88/100 MP: 10/12
 12683 | Orc:1    | Found a runed translucent door.
 12851 | Orc:1    | Noticed an orange crystal statue
 12854 | Orc:1    | Found the +10 tower shield of Ignorance {rN+ Int-4}
 12867 | Orc:1    | Found a runed translucent door.
 13136 | Orc:1    | Noticed an orc knight
 13606 | D:8      | Bought a brightly glowing plate armour for 812 gold pieces
 13606 | D:8      | Identified the +6 plate armour "Rypaxum" {rC- rCorr Str+3}
                  | (You bought it in a shop on level 8 of the Dungeon)
 14186 | D:11     | Noticed a manticore
 14188 | D:11     | Killed a manticore
 14278 | D:11     | Reached skill level 15 in Axes
 14311 | D:11     | Noticed a manticore
 14315 | D:11     | Killed a manticore
 15001 | D:12     | Found a transporter.
 15008 | D:12     | Found a transporter.
 15061 | D:12     | Noticed Nergalle
 15062 | D:12     | Noticed a skeletal warrior
 15062 | D:12     | Noticed a skeletal warrior
 15062 | D:12     | Noticed a skeletal warrior
 15062 | D:12     | Noticed a skeletal warrior
 15067 | D:12     | Noticed a skeletal warrior
 15069 | D:12     | Killed a skeletal warrior
 15073 | D:12     | Killed a skeletal warrior
 15073 | D:12     | Killed a skeletal warrior
 15076 | D:12     | Killed a skeletal warrior
 15079 | D:12     | Killed a skeletal warrior
 15079 | D:12     | Gained Rocco as an ally
 15709 | D:12     | Found a transporter.
 15710 | D:12     | Found a transporter.
 15744 | D:12     | Found a transporter.
 15745 | D:12     | Found a transporter.
 15749 | D:12     | Noticed a two-headed ogre
 15756 | D:12     | Killed a two-headed ogre
 15757 | D:12     | Reached skill level 5 in Invocations
 15777 | D:12     | Reached skill level 16 in Axes
 16323 | D:13     | Your ally Rocco died
 16350 | D:13     | Noticed Lodul
 16357 | D:13     | Killed Lodul
 16358 | D:13     | Reached XP level 12. HP: 108/110 MP: 14/16
 16363 | D:13     | Gained Bogfrid as an ally
 16385 | D:13     | Found a frozen archway.
 16579 | D:13     | Noticed a centaur warrior
 16583 | D:13     | Noticed a boulder beetle
 16585 | D:13     | Killed a centaur warrior
 16592 | D:13     | Reached ***** piety under Beogh
 16596 | D:13     | Killed a boulder beetle
 16907 | D:13     | Noticed a six-headed hydra
 16914 | D:13     | Killed a six-headed hydra
 16915 | D:13     | Reached skill level 10 in Armour
 17181 | D:13     | Found a hide-covered altar of Uskayaw.
 17478 | Lair:1   | Entered Level 1 of the Lair of Beasts
 17490 | Lair:1   | Reached skill level 17 in Axes
 19842 | Orc:2    | Entered Level 2 of the Orcish Mines
 20078 | Orc:2    | Found a roughly hewn altar of Beogh.
 20107 | Orc:2    | Found a staircase to the Elven Halls.
 20142 | Orc:2    | Noticed an orc high priest
 20142 | Orc:2    | Noticed an orc high priest
 20142 | Orc:2    | Noticed an orc high priest
 20144 | Orc:2    | Found Temiek's Jewellery Shoppe.
 20144 | Orc:2    | Found Wove's General Store.
 20147 | Orc:2    | Noticed a soul eater
 20153 | Orc:2    | Slain by an orc knight

Illustrated notes

Levels and vault maps discovered:
D:1:      dpeg_arrival_rhombus, layout_basic, serial_corexii_hall,
          corexii_hall_statues_x, corexii_hall_statues_s,
          chequers_hall_statues_y
D:2:      layout_basic, minmay_misc_feat_pillars, minmay_misc_feat_chi,
          uniq_terence
D:3:      layout_basic, minmay_overflow_temple_star_quad
D:4:      layout_basic, hangedman_decor_peaks_small
D:5:      layout_cave_pools, minmay_temple_entry_statues_pillars,
          kennysheep_generic_room_6, uniq_edmund
D:6:      layout_basic
D:7:      layout_rooms, nicolae_shop_unique_rings, serial_park_tiny_pond
D:8:      layout_basic, serial_shops, shop, nicolae_shop_distant_corner_stores
D:9:      layout_rooms, marbit_many_paths
D:10:     layout_layer_cave, mainiacjoe_overflow_alcove_2, lair_entry_dummy,
          minmay_orc_entry_temple_small
D:11:     layout_rooms
D:12:     layout_loops_ring, kennysheep_small_spiral, serial_nicolae_subway,
          nicolae_sub_station_metal, nicolae_sub_station_stone,
          nicolae_sub_station_crystal, uniq_nergalle
D:13:     layout_cave_pools, portal_ice_cave_entry_pillars_2,
          nicolae_uskayaw_suspiria, uniq_lodul
Lair:1:   layout_cave_pods, nicolae_lair_lil_pond, grunt_megastairs_5
Orc:1:    layout_caves, dreamdust_deal_with_the_devil,
          chequers_guarded_unrand_ignorance
Orc:2:    st_orc_elflike, layout_caves, basic_altar, serial_shops,
          nicolae_lakefront_shop

Skill      XL: |  1  2  3  4  5  6  7  8  9 10 11 12 |
---------------+-------------------------------------+-----
Fighting       | 4 8 9 10 11 12 | 12.4
Axes           | 5 9 10 11 12 14 16 17 | 17.5
Dodging        | 4 5 |  5.6
Armour         | 6 7 8 9 10 | 10.6
Stealth        | 3 4 |  4.6
Invocations    | 1 5 7 |  7.4

Action                     |  1- 3 |  4- 6 |  7- 9 | 10-12 || total
---------------------------+-------+-------+-------+-------++-------
  Melee: Hand axe          |   133 |   119 |   107 |       ||   359
         Punch             |       |       |     1 |       ||     1
         Battleaxe         |       |       |   143 |   313 ||   456
         War axe           |       |       |    28 |       ||    28
 Invoke: Convert to Beogh  |       |     1 |       |       ||     1
         Recall Orcish Fol |       |       |       |    18 ||    18
         Stop Recall       |       |       |       |     6 ||     6
         Smiting           |       |       |       |     3 ||     3
  Evoke: Wand              |       |       |     1 |       ||     1
    Use: Scroll            |     8 |     3 |     6 |    13 ||    30
         Potion            |       |     3 |     3 |     4 ||    10
   Stab: Paralysed         |       |       |     1 |       ||     1
         Distracted        |       |       |       |     7 ||     7
         Confused          |       |       |       |     1 ||     1
 Armour: Robe              |    17 |       |       |       ||    17
         Leather armour    |     1 |     8 |       |       ||     9
         Scale mail        |       |    20 |   107 |     1 ||   128
         Acid dragon scale |       |       |       |    12 ||    12
         Plate armour      |       |       |       |   124 ||   124
  Dodge: Dodged            |    78 |    58 |   168 |   239 ||   543
